 Dungeon Crawl Stone Soup version 0.20-a0-501-g0de2c2e (webtiles) character file.

223328 nono the Whirler (level 19, -2/131 HPs)
             Began as a Halfling Abyssal Knight on Jan 19, 2017.
             Was a High Priest of Lugonu.
             Slain by a sun demon (5 damage)
             ... summoned by an orc sorcerer
             ... led by an orc knight
             ... while paralysed by an orc sorcerer
             ... on level 1 of the Vaults.
             The game lasted 03:35:20 (46769 turns).

nono the Whirler (Halfling Abyssal Knight)         Turns: 46769, Time: 03:35:20

Health: -2/131     AC: 20    Str: 21    XL:     19   Next: 49%
Magic:  28/28      EV:  3    Int: 11    God:    Lugonu [*****.]
Gold:   892        SH:  0    Dex: 20    Spells: 14/18 levels left

rFire    + + .     SeeInvis +   a - +9 quick blade (distort)
rCold    . . .     Gourm    .   k - +0 fire dragon scales
rNeg     . . .     Faith    +   n - +0 shield
rPois    .         Spirit   .   f - +0 helmet {SInv}
rElec    .         Reflect  .   d - +0 cloak "Himeank" {Dex+4}
rCorr    .         Harm     .   R - +1 pair of gloves
MR       +....                  O - +0 pair of boots of Bess {Str+3}
Stlth    ..........             D - amulet of faith
Regen    0.4/turn               w - ring of Faettos {EV+4 Slay+2}
                                A - ring of protection from cold

@: paralysed, drained
A: mutation resistance 1
}: 2/15 runes: decaying, gossamer
a: Depart the Abyss, Bend Space, Banish, Corrupt, Enter the Abyss, Renounce
Religion


You were on level 1 of the Vaults.
You worshipped Lugonu.
Lugonu was extremely pleased with you.
You were very hungry.

You visited 7 branches of the dungeon, and saw 33 of its levels.
You visited the Abyss 2 times.

You collected 3261 gold pieces.
You spent 2369 gold pieces at shops.

Inventory:

Hand Weapons
 a - a +9 quick blade of distortion (weapon)
 b - a +0 hunting sling of freezing
Missiles
 v - 139 sling bullets
Armour
 d - the +0 cloak "Himeank" (worn) {Dex+4}
   (You bought it in a shop on level 1 of the Orcish Mines)

   It affects your dexterity (+4).
 f - a +0 helmet of see invisible (worn)
 k - +0 fire dragon scales (worn)
 n - a +0 shield (worn)
 H - a +0 plate armour
 O - the +0 pair of boots of Bess (worn) {Str+3}
   (You found it on level 1 of the Spider Nest)

   It affects your strength (+3).
 R - a +1 pair of gloves (worn)
Jewellery
 w - the ring of Faettos (right hand) {EV+4 Slay+2}
   (You bought it in a shop on level 2 of the Orcish Mines)

   [ring of evasion]

   It affects your evasion (+4).
   It affects your accuracy and damage with ranged weapons and melee attacks
   (+2).
 A - a ring of protection from cold (left hand)
 D - an amulet of faith (around neck)
 F - an uncursed ring of protection from fire
 G - an uncursed ring of fire
 I - an uncursed ring of protection from magic
 N - a +4 ring of slaying
Wands
 g - a wand of scattershot (2/9)
 u - a wand of digging (3/24)
 L - a wand of lightning (4/15)
 M - a wand of acid (14/15)
 T - a wand of iceblast (1/15)
 V - a wand of lightning (5/15)
 W - a wand of disintegration (5/24)
 Y - a wand of digging (11/24)
Scrolls
 e - 5 scrolls of identify
 h - a scroll of summoning
 m - a scroll of brand weapon
 q - 5 scrolls of magic mapping
 r - 12 scrolls of teleportation
 x - a scroll of holy word
 y - 3 scrolls of blinking
 z - 4 scrolls of enchant armour
 B - 4 scrolls of recharging
 K - a scroll of fear
 Q - 2 scrolls of vulnerability
 S - 3 scrolls of enchant weapon
 U - 11 scrolls of remove curse
Potions
 i - a potion of cancellation
 l - 2 potions of agility
 o - 7 potions of curing
 p - 4 potions of flight
 t - 4 potions of cure mutation
 C - 3 potions of haste
 P - 4 potions of ambrosia
 X - 2 potions of heal wounds
 Z - a potion of berserk rage
Miscellaneous
 s - a phial of floods
 J - 2 phantom mirrors
Comestibles
 c - 17 bread rations
 j - 13 meat rations
 E - 21 royal jellies


   Skills:
 - Level 12.0(11.4) Fighting
 - Level 13.6(12.9) Short Blades
 + Level 16.2(15.5) Slings
 + Level 14.7(14.0) Armour
 + Level 14.3(13.6) Dodging
 + Level 15.0(14.3) Shields
 + Level 13.2(12.6) Invocations


You had 14 spell levels left.
You knew the following spells:

 Your Spells              Type           Power        Failure   Level  Hunger
a - Repel Missiles        Chrm/Air       #.....       99%         2    ###....
b - Summon Butterflies    Summ           #.......     98%         1    ##.....
c - Apportation           Tloc           #.....       98%         1    ##.....


Dungeon Overview and Level Annotations

Branches:
Dungeon (15/15)            Temple (0/1) D:7            Lair (6/6) D:11
  Swamp (4/4) Lair:3       Spider (4/4) Lair:3          Orc (2/2) D:11
    Elf (0/3) Orc:2        Vaults (1/5) D:14         Depths (1/5) D:15
  Slime: Lair:5-6

Altars:
Ashenzari
Cheibriados
Dithmenos
Elyvilon
Gozag
Makhleb
Nemelex Xobeh
Okawaru
Sif Muna
Trog
Uskayaw
Xom
Zin
The Shining One
Beogh

Shops:
D:13 *   D:14 *   D:15 %(   Orc:1 ****[   Orc:2 *=[[(!   Vaults:1 [

Annotations:
D:8 corrupted
D:11 corrupted
D:15 exclusion: Roxanne, Roxanne
Lair:1 exclusion: oklob plant
Lair:6 exclusion: 3 oklob plants
Swamp:4 corrupted
Spider:3 corrupted
Spider:4 corrupted
Abyss:1 Bai Suzhen, Crazy Yiuf, Donald, Edmund, Gastronok, Kirke, Pikel, Sonja


Innate Abilities, Weirdness & Mutations

You are small and have problems with some larger weapons.
You are somewhat resistant to further mutation.


Message History

The orc sorcerer casts a spell.
The orc hits you but does no damage.
The glowing orange brain pulsates.
The yaktaur wields an arbalest.
The yaktaur shoots a bolt.
The bolt hits you!
The yaktaur shoots a bolt.
The bolt hits you!!
The orc knight shoots a bolt.
The bolt hits you.
The orc sorcerer hits you but does no damage.
The orc hits you but does no damage. The sun demon hits you!
You are engulfed in flames.
You resist.
* * * LOW HITPOINT WARNING * * *
The glowing orange brain pulsates.
You resist with some effort.
The orc sorcerer points at you and mumbles some strange words.
Helpless, you fail to dodge the bolt of negative energy.
You feel drained.
* * * LOW HITPOINT WARNING * * *
The sun demon hits you!
* * * LOW HITPOINT WARNING * * *
You are engulfed in flames.
You resist.
You die...

§......# ...#...#
......# #####.## ......#
...#...##########......#
.......'........#......#
...#...#........#......#
#####.##........#......#
#...'.o..#c#.#o......
.....#....(∩'(@3T.....
..#...#..((#c#.#oo.....
'############§###c4G....
.§. c...... .....
....... ..............
......c........
................
............p


You could see an orc knight, a glowing orange brain, a centaur warrior, a sun
demon, 3 yaktaurs, a troll, a chaos spawn, an orc sorcerer and 2 orcs.

Vanquished Creatures
  Agnes (Spider:3)
  An emperor scorpion (Spider:3)
  An ironheart preserver (Vaults:1)
  An entropy weaver (Spider:3)
  2 spark wasps
  A fire dragon (Vaults:1)
  3 ogre magi
  17 hydras
  Harold (D:11)
  A rakshasa (Vaults:1)
  4 vault guards (D:14)
  An ice dragon (Vaults:1)
  A centaur warrior (D:15)
  3 catoblepae (Lair:6)
  6 death yaks
  14 two-headed ogres
  7 alligators
  A queen ant (shapeshifter) (Vaults:1)
  An orc high priest (Orc:2)
  A shadow wraith (Abyss:1)
  3 unseen horrors
  A wizard (D:15)
  5 swamp dragons
  A deep elf mage (D:15)
  A shambling mangrove (Swamp:2)
  2 orc knights
  An ugly thing (D:11)
  A necromancer (Vaults:1)
  5 orc sorcerers
  17 orb spiders
  37 wolf spiders
  4 manticores
  4 cyclopes
  5 black mambas
  A moth of wrath (Spider:3)
  6 elephants (Lair:5)
  A centaur zombie (D:11)
  2 torpor snails
  A naga mage (D:15)
  3 centaur skeletons
  2 gargoyles (D:13)
  20 spiny frogs
  6 komodo dragons
  A spiny frog (shapeshifter) (D:15)
  3 kobold demonologists
  A yaktaur (Vaults:1)
  6 rime drakes
  An efreet (D:15)
  7 demonic crawlers
  A human skeleton (Vaults:1)
  2 tengu conjurers (D:15)
  2 trolls (D:10)
  2 meliai
  A queen bee (Spider:3)
  2 tyrant leeches
  41 jumping spiders
  5 slime creatures
  8 hornets
  23 blink frogs
  9 bog bodies
  A dream sheep (Lair:5)
  9 hippogriffs
  A meliai zombie (D:11)
  4 shadows
  3 spriggans
  17 tarantellas
  9 wyverns
  73 redbacks
  2 wraiths (D:15)
  56 yaks
  Grum (D:10)
  4 hungry ghosts
  25 vampire mosquitoes
  3 basilisks
  A hog (Spider:2)
  A warg (Orc:1)
  An acid dragon (D:14)
  15 insubstantial wisps
  3 soldier ants
  16 swamp worms
  7 water moccasins
  2 hell hounds (D:15)
  16 swamp drakes
  10 porcupines
  4 sky beasts
  3 ice beasts
  24 orc warriors
  2 slaves
  2 black bears
  3 human zombies (Vaults:1)
  7 phantoms
  10 centaurs
  6 wolves
  8 crocodiles
  18 ogres
  A big kobold (D:11)
  13 bullfrogs
  2 wyvern skeletons
  A scorpion (D:9)
  28 killer bees
  A vampire bat (Lair:5)
  A troll zombie (D:11)
  12 howler monkeys
  3 electric eels
  7 crimson imps
  A bullfrog zombie (D:13)
  7 hounds
  5 jellies
  11 orc priests
  22 orc wizards
  A bullfrog skeleton (D:5)
  5 iguanas
  Natasha (thrice) (D:2)
  12 worker ants
  5 ogre zombies (D:11)
  A hound skeleton (D:10)
  2 worker ant zombies
  5 gnolls (D:9)
  14 adders
  8 shadow imps
  An adder skeleton (D:9)
  An adder zombie (D:5)
  4 worms
  3 dart slugs
  7 leopard geckos
  74 orcs
  13 bats
  5 giant cockroaches
  8 goblins
  13 hobgoblins
  16 jackals
  25 kobolds
  4 quokkas
  3 ball pythons
  5 frilled lizards
  4 goblin zombies (D:11)
  2 hobgoblin skeletons (D:11)
  A hobgoblin zombie (D:11)
  A leopard gecko skeleton (D:8)
  2 orc skeletons (D:11)
  9 orc zombies (D:11)
  14 rats
  3 fungi (Lair:6)
1068 creatures vanquished.

Vanquished Creatures (collateral kills)
  An orb spider (Spider:2)
  A kobold demonologist (D:11)
  A troll (D:11)
  A hog (Spider:2)
  An ogre (D:11)
  A wolf (D:11)
  A hound (D:11)
7 creatures vanquished.

Vanquished Creatures (others)
  The ghost of Soeti the Severer, an adept FoFi of Okawaru (Swamp:3)
  A thorn hunter (Swamp:4)
  3 ghost moths (Spider:4)
  An orc warlord (Orc:2)
  6 emperor scorpions
  An entropy weaver (Spider:3)
  A spark wasp (Spider:3)
  2 vault guards (D:14)
  A yaktaur captain (Vaults:1)
  12 hydras
  2 centaur warriors
  An alligator (Swamp:1)
  An ogre mage (Vaults:1)
  8 two-headed ogres
  2 spriggan riders
  A spriggan druid (Swamp:3)
  7 swamp dragons
  2 shambling mangroves (Swamp:4)
  An unseen horror (D:11)
  The ghost of nono the Slicer, a novice HaAK of Lugonu (D:8)
  A wolf spider zombie (D:12)
  2 orc knights (Orc:2)
  4 orb spiders
  A deep elf mage (D:15)
  2 manticores
  An ugly thing (D:11)
  5 wolf spiders
  A cyclops (D:12)
  A naga mage (D:15)
  2 gargoyles
  The ghost of TBriggs11TB the Magician, a novice MfSk of Okawaru (D:4)
  2 yaktaurs (Vaults:1)
  4 rime drakes (D:15)
  A komodo dragon (shapeshifter) (Vaults:1)
  3 komodo dragons
  4 demonic crawlers
  8 jumping spiders
  A meliai (Spider:2)
  4 tyrant leeches
  9 hornets
  2 trolls
  2 bog bodies (Swamp:4)
  3 hippogriffs
  8 tarantellas
  15 redbacks
  A shadow (D:15)
  2 wraiths (D:10)
  A hog (Spider:2)
  8 yaks
  A basilisk (D:13)
  A hungry ghost (D:8)
  3 vampire mosquitoes
  A water moccasin (D:5)
  4 orc warriors
  A sky beast (D:11)
  A black bear (D:8)
  5 ogres
  A wolf (D:11)
  5 centaurs
  A bullfrog (D:8)
  2 big kobolds
  3 killer bees (Spider:3)
  A centaur zombie (D:8)
  2 orc priests
  3 hounds (D:11)
  A hound skeleton (D:8)
  An orc (D:8)
  A quokka (D:7)
  A goblin zombie (D:11)
  2 kobolds (D:11)
  9 fungi
  11 plants
  20 starspawn tentacles
235 creatures vanquished.

Grand Total: 1310 creatures vanquished

Notes
Turn   | Place    | Note
-------+----------+-------------------------------------------
     0 | Abyss:1  | nono the Halfling Abyssal Knight began the quest for the Orb.
     0 | Abyss:1  | Reached XP level 1. HP: 15/15 MP: 2/2
     1 | Abyss:1  | Found a corrupted altar of Lugonu.
    74 | Abyss:2  | Noticed an ancient zyme
    74 | D:1      | Escaped the Abyss
   111 | D:1      | Reached XP level 2. HP: 20/21 MP: 3/3
   203 | D:1      | Reached * piety under Lugonu
   386 | D:1      | Found a shattered altar of Ashenzari.
   395 | D:1      | Reached XP level 3. HP: 23/26 MP: 4/4
   969 | D:2      | Reached XP level 4. HP: 23/31 MP: 5/5
  1080 | D:2      | Found a faded altar of an unknown god.
  1094 | D:2      | Found a shadowy altar of Dithmenos.
  1302 | D:2      | Found a deep blue altar of Sif Muna.
  1305 | D:2      | Found a burning altar of Makhleb.
  1305 | D:2      | Found a snail-covered altar of Cheibriados.
  1306 | D:2      | Found a glowing silver altar of Zin.
  1307 | D:2      | Found an iron altar of Okawaru.
  1307 | D:2      | Found a shattered altar of Ashenzari.
  1309 | D:2      | Reached ** piety under Lugonu
  1530 | D:2      | Reached XP level 5. HP: 32/36 MP: 5/7
  1639 | D:2      | Noticed Natasha
  1655 | D:2      | Killed Natasha
  1774 | D:2      | Found a glowing golden altar of the Shining One.
  2077 | D:2      | Noticed Natasha
  2092 | D:2      | Killed Natasha
  2387 | D:2      | Noticed Natasha
  2414 | D:2      | Killed Natasha
  2414 | D:2      | Reached XP level 6. HP: 26/42 MP: 8/8
  2698 | D:3      | Found a white marble altar of Elyvilon.
  2789 | D:3      | Reached *** piety under Lugonu
  3276 | D:4      | Noticed a phantom
  3294 | D:4      | Noticed TBriggs11TB's ghost (novice MfSk)
  3294 | D:4      | Banished TBriggs11TB's ghost
  3294 | D:4      | Reached skill level 5 in Short Blades
  3294 | D:4      | Reached XP level 7. HP: 46/46 MP: 9/9
  3749 | D:4      | Noticed Edmund
  3752 | D:4      | Banished Edmund
  4095 | D:4      | Found a runed door.
  4099 | D:4      | Noticed Crazy Yiuf
  4102 | D:4      | Banished Crazy Yiuf
  4153 | D:5      | Entered Level 5 of the Dungeon
  4187 | D:5      | Found a snail-covered altar of Cheibriados.
  4208 | D:5      | Found an opulent altar of Gozag.
  4226 | D:5      | Reached XP level 8. HP: 42/52 MP: 11/11
  4281 | D:5      | Reached skill level 5 in Armour
  5007 | D:5      | Reached skill level 5 in Invocations
  5117 | D:5      | Found a hide-covered altar of Uskayaw.
  5195 | D:5      | Reached skill level 5 in Dodging
  5321 | D:5      | Reached XP level 9. HP: 53/56 MP: 12/12
  6787 | D:7      | Noticed a hippogriff
  6815 | D:7      | Killed a hippogriff
  6995 | D:7      | Found a staircase to the Ecumenical Temple.
  7360 | D:7      | Noticed Pikel
  7387 | D:7      | Banished Pikel
  7405 | D:7      | Reached XP level 10. HP: 49/63 MP: 11/14
  7413 | D:7      | Reached skill level 10 in Short Blades
  7743 | D:7      | Found a burning altar of Makhleb.
  8025 | D:8      | Noticed a centaur warrior
  8026 | D:8      | Noticed a two-headed ogre
  8034 | D:8      | Noticed a two-headed ogre
  8034 | D:8      | Noticed a manticore
  8080 | D:8      | Reached skill level 1 in Shields
  8171 | D:8      | Noticed nono's ghost (novice HaAK)
  8172 | D:8      | Banished nono's ghost
  8534 | D:8      | Reached **** piety under Lugonu
  8807 | D:8      | Corrupted D:8
  8807 | D:8      | Noticed a tentacled starspawn
  8807 | D:8      | Noticed a thrashing horror
  8807 | D:8      | Noticed a thrashing horror
  8809 | D:8      | Noticed an apocalypse crab
  8812 | D:8      | Killed a two-headed ogre
  8814 | D:8      | Killed a centaur warrior
  8834 | D:8      | Killed a manticore
  8862 | D:8      | Killed a two-headed ogre
  8938 | D:8      | Identified the Handbook of Boosts and Transmigration
  8959 | D:8      | Learned a level 2 spell: Repel Missiles
  9000 | D:8      | Noticed a two-headed ogre
  9001 | D:8      | Banished a two-headed ogre
  9411 | D:9      | Found a shimmering altar of Xom.
  9517 | D:9      | Reached skill level 5 in Shields
  9895 | D:9      | Noticed a gargoyle
  9906 | D:9      | Banished a gargoyle
 10261 | D:9      | Found a bloodstained altar of Trog.
 10262 | D:9      | Found a sparkling altar of Nemelex Xobeh.
 10602 | D:9      | Paralysed by a hornet for 3 turns
 10605 | D:9      | Reached XP level 11. HP: 40/67 MP: 17/17
 11137 | D:10     | Entered Level 10 of the Dungeon
 11353 | D:10     | Noticed Sonja
 11354 | D:10     | Banished Sonja
 11363 | D:10     | Noticed Grum
 11885 | D:10     | Killed Grum
 11909 | D:10     | Noticed a two-headed ogre
 11912 | D:10     | Banished a two-headed ogre
 12212 | D:10     | Noticed a two-headed ogre
 12253 | D:10     | Killed a two-headed ogre
 12583 | D:11     | Noticed a green ugly thing
 12605 | D:11     | Banished a green ugly thing
 12859 | D:11     | Noticed a two-headed ogre
 12864 | D:11     | Banished a two-headed ogre
 13003 | D:11     | Found a staircase to the Orcish Mines.
 13282 | D:11     | Noticed a two-headed ogre
 13297 | D:11     | Banished a two-headed ogre
 13341 | D:10     | Reached skill level 10 in Invocations
 13789 | D:11     | Reached XP level 12. HP: 69/72 MP: 19/19
 14187 | D:11     | Corrupted D:11
 14187 | D:11     | Noticed a deep elf sorcerer
 14187 | D:11     | Noticed a tentacled starspawn
 14189 | D:11     | Noticed a large abomination
 14189 | D:11     | Noticed a starcursed mass
 14197 | D:11     | Killed an unseen horror
 14545 | D:11     | Found a staircase to the Lair.
 14679 | Lair:1   | Entered Level 1 of the Lair of Beasts
 16340 | Lair:2   | Reached skill level 10 in Armour
 18083 | Lair:3   | Reached XP level 13. HP: 81/81 MP: 21/21
 18102 | Lair:3   | Identified a scroll of acquirement
 18257 | Lair:3   | Reached skill level 5 in Fighting
 18331 | Lair:3   | Noticed Gastronok
 18348 | Lair:3   | Banished Gastronok
 18554 | Lair:3   | Noticed a four-headed hydra
 18574 | Lair:3   | Killed a four-headed hydra
 18708 | Lair:3   | Found a staircase to the Swamp.
 18726 | Lair:3   | Found a hole to the Spider Nest.
 19884 | Lair:4   | Reached skill level 10 in Dodging
 20991 | Lair:5   | Reached ***** piety under Lugonu
 21684 | Lair:6   | Entered Level 6 of the Lair of Beasts
 21689 | Lair:6   | Noticed an eight-headed hydra
 21713 | Lair:5   | Killed an eight-headed hydra
 21984 | Lair:6   | Reached XP level 14. HP: 95/95 MP: 22/22
 26648 | Lair:6   | Identified the Catalogue of Curses
 27309 | D:11     | Gained mutation: Your magical capacity is low. (-10% MP) [potion of mutation]
 27309 | D:11     | Gained mutation: You occasionally shout uncontrollably at your foes. [potion of mutation]
 27309 | D:11     | Gained mutation: You expend magic power (3 MP) to strengthen your wands. [potion of mutation]
 27310 | D:11     | Lost mutation: You expend magic power (3 MP) to strengthen your wands. [potion of cure mutation]
 27310 | D:11     | Lost mutation: You occasionally shout uncontrollably at your foes. [potion of cure mutation]
 27310 | D:11     | Lost mutation: Your magical capacity is low. (-10% MP) [potion of cure mutation]
 27687 | D:11     | Noticed Harold
 27732 | D:11     | Killed Harold
 27732 | D:11     | Reached XP level 15. HP: 92/100 MP: 23/23
 27929 | Orc:1    | Entered Level 1 of the Orcish Mines
 27953 | Orc:1    | Found Juvich's Assorted Antiques.
 27971 | Orc:1    | Bought a warped cloak for 237 gold pieces
 27971 | Orc:1    | Bought a shield for 112 gold pieces
 27985 | Orc:1    | Identified the cursed +0 cloak "Himeank" {Dex+4} (You bought it in a shop on level 1 of the Orcish Mines)
 28056 | Orc:1    | Found Bugiomu's Assorted Antiques.
 28193 | Orc:1    | Bought a pair of boots for 112 gold pieces
 28248 | Orc:1    | Reached ****** piety under Lugonu
 28266 | Orc:1    | Found Zatteg's Antique Armour Boutique.
 28273 | Orc:1    | Identified a +9 quick blade of distortion (a +9 quick blade corrupted by Lugonu)
 28273 | Orc:1    | Received a gift from Lugonu
 28449 | Orc:1    | Found Ewiagh's Assorted Antiques.
 28458 | Orc:1    | Bought 2 potions of heal wounds for 270 gold pieces
 28462 | Orc:1    | Found Egunyghe's General Store.
 28490 | Orc:2    | Entered Level 2 of the Orcish Mines
 28491 | Orc:2    | Found Istro's Distillery.
 28637 | Orc:2    | Found a staircase to the Elven Halls.
 29144 | Orc:2    | Found a roughly hewn altar of Beogh.
 29147 | Orc:2    | Noticed an orc warlord
 29213 | Orc:2    | Banished an orc warlord
 29439 | Orc:2    | Found Viggev's Antique Weapon Shop.
 29489 | Orc:2    | Found Batezu Pey's Antique Armour Shop.
 29506 | Orc:2    | Bought a garnet-encrusted chain mail for 285 gold pieces
 29520 | Orc:2    | Identified the +2 chain mail "Muime" {-Tele rPois Str+7 SInv} (You bought it in a shop on level 2 of the Orcish Mines)
 29531 | Orc:2    | Found Fyjeus's General Store.
 29539 | Orc:2    | Bought a potion of haste for 140 gold pieces
 29571 | Orc:2    | Found Xyixt's Jewellery Shop.
 29577 | Orc:2    | Bought the ring of Faettos {EV+4 Slay+2} for 771 gold pieces
 29623 | Orc:2    | Paralysed by an orc sorcerer for 4 turns
 29686 | Orc:2    | Found Nezxasae's Antique Armour Shop.
 29712 | Orc:2    | Bought a shiny helmet for 210 gold pieces
 30746 | D:12     | Reached skill level 10 in Shields
 30904 | D:13     | Found Foomykol's Changing Room.
 31041 | D:13     | Learned a level 1 spell: Summon Butterflies
 31094 | D:13     | Learned a level 1 spell: Apportation
 31792 | D:14     | Found a gate to the Vaults.
 31857 | D:14     | Found Mearoni's Assorted Antiques.
 31860 | D:14     | Bought a scroll of blinking for 232 gold pieces
 32655 | D:15     | Entered Level 15 of the Dungeon
 32717 | D:15     | Paralysed by an ogre mage for 7 turns
 32810 | D:15     | Found Naoqow's Antique Weapon Boutique.
 32830 | D:15     | Noticed Roxanne
 32879 | D:15     | Found a staircase to the Depths.
 32890 | D:15     | Reached XP level 16. HP: 101/106 MP: 24/24
 32908 | Depths:1 | Entered Level 1 of the Depths
 33033 | Depths:1 | Noticed a fire giant
 33039 | Depths:1 | Noticed a tengu reaver
 33349 | D:15     | Found Hatritt's Food Emporium.
 33773 | D:15     | Reached skill level 1 in Slings
 33792 | D:15     | Reached skill level 3 in Slings
 33841 | D:15     | Reached skill level 4 in Slings
 33851 | D:15     | Reached skill level 5 in Slings
 33903 | D:15     | Reached skill level 6 in Slings
 33955 | D:15     | Reached skill level 7 in Slings
 34234 | D:15     | Reached skill level 8 in Slings
 34569 | Spider:1 | Entered Level 1 of the Spider Nest
 34580 | Spider:1 | Reached skill level 9 in Slings
 34779 | Spider:1 | Got a pair of warped boots
 34796 | Spider:1 | Identified the +0 pair of boots of Bess {Str+3} (You found it on level 1 of the Spider Nest)
 34955 | Spider:1 | Reached skill level 10 in Slings
 35157 | Spider:1 | Reached skill level 11 in Slings
 35346 | Spider:1 | Reached skill level 12 in Slings
 35874 | Spider:2 | Reached skill level 13 in Slings
 35874 | Spider:2 | Reached XP level 17. HP: 56/111 MP: 25/25
 36455 | Spider:2 | Reached skill level 14 in Slings
 36525 | Spider:2 | Noticed Kirke
 36532 | Spider:2 | Banished Kirke
 36717 | Spider:2 | Noticed Donald
 36721 | Spider:2 | Banished Donald
 38151 | Spider:3 | Noticed Agnes
 38197 | Spider:3 | Killed Agnes
 38197 | Spider:3 | Reached skill level 15 in Slings
 38262 | Spider:3 | Corrupted Spider:3
 38262 | Spider:3 | Noticed a tentacled starspawn
 38604 | Spider:3 | Noticed a hellephant
 39056 | Spider:4 | Entered Level 4 of the Spider Nest
 39411 | Spider:4 | Reached XP level 18. HP: 73/117 MP: 27/27
 40896 | Spider:4 | Corrupted Spider:4
 40909 | Spider:4 | Noticed a hellephant
 40981 | Spider:4 | Got a gossamer rune of Zot
 41115 | Swamp:1  | Entered Level 1 of the Swamp
 42793 | Swamp:2  | Reached skill level 16 in Slings
 43358 | Swamp:3  | Noticed Soeti's ghost (adept FoFi)
 43375 | Swamp:3  | Banished Soeti's ghost
 43840 | Swamp:4  | Entered Level 4 of the Swamp
 43927 | Swamp:4  | Noticed Bai Suzhen
 43932 | Swamp:4  | Banished Bai Suzhen
 43932 | Swamp:4  | Reached skill level 10 in Fighting
 44073 | Swamp:4  | Reached XP level 19. HP: 97/126 MP: 28/28
 44479 | Swamp:4  | Corrupted Swamp:4
 44846 | Swamp:4  | Escaped the Abyss
 45372 | Swamp:4  | Got a decaying rune of Zot
 45732 | Vaults:1 | Entered Level 1 of the Vaults
 46483 | Vaults:1 | Reached skill level 15 in Shields
 46730 | Vaults:1 | Found Ixaimu's Armour Shop.
 46765 | Vaults:1 | Paralysed by an orc sorcerer for 5 turns
 46769 | Vaults:1 | HP: 3/131 [sun demon[an orc knight] (15)]
 46769 | Vaults:1 | Slain by a sun demon

Vault maps used:
D:1:      dpeg_arrival_boxes_within_box, kennysheep_decorative_pillar,
          evilmike_ruin_ashenzari
D:2:      old_standard_altar, grunt_temple_overflow_open,
          chequers_ecumenical_altar_twisty, st_stairs_5,
          minmay_misc_feat_plants, nicolae_dithmenos_through_a_glass_darkly,
          uniq_natasha
D:3:      wad_pebble_path, lemuel_doored_altar, first_bread
D:4:      uniq_crazy_yiuf_cottage, uniq_edmund
D:5:      marbit_many_paths, grunt_gozag_statues, basic_altar
D:7:      basic_altar, uniq_pikel
D:8:      minivault_12
D:9:      gammafunk_temple_overflow_pools, basic_altar,
          hangedman_pestilent_swarm
D:10:     uniq_sonja, uniq_grum
D:11:     erik_lair_island, zombieorc1_lemuel, minivault_5, grunt_ministairs_2,
          uniq_harold
D:13:     nicolae_transmutations_shop
D:14:     erik_vaults_2, serial_shops, nicolae_shop_behind_doors,
          solitary_fountain, library_closet
D:15:     grunt_enter_depths_magical_seal, serial_shops, shop,
          nicolae_shop_overgrown_old_shop, special_room, minivault_27,
          uniq_roxanne
Lair:1:   lemuel_fruit_fields, minmay_lair_oklob_chamber
Lair:2:   grunt_megastairs_3
Lair:3:   minmay_swamp_entry_wisps, dummy_spider_entry, uniq_gastronok
Lair:4:   serial_bayou_shore_b
Lair:5:   roderic_batcave, grunt_forest_large_clearing_hut
Lair:6:   evilmike_catoblepas_cave, minmay_slime_entry_oklob_enclosed,
          st_stairs_3, eino_small_chamber_without_monster
Swamp:1:  serial_swamp_ruin, evilmike_swamp_ruin_house_4,
          evilmike_swamp_ruin_rubble_1, evilmike_swamp_ruin_house_2
Swamp:2:  nicolae_swamp_treefoil
Swamp:3:  evilmike_swamp_ruin_rubble_2, swamp_pool2, nicolae_swamp_triple_paths,
          nicolae_swamp_very_dense_foliage
Swamp:4:  swamp_basic_johnstein, swamp_pool5, uniq_bai_suzhen
Spider:2: uniq_donald, uniq_kirke
Spider:3: mumra_spider_spiderweb, special_room, uniq_agnes
Spider:4: spider_rune_water
Orc:1:    serial_shops, shop, shop, shop, shop, nicolae_shop_overgrown_old_shop
Orc:2:    grunt_orc_cross, serial_shops, nicolae_shop_statue_plus, shop
Vaults:1: v_misc_27, v_pattern_1, st_lattice, nicolae_vaults_shelves_hall,
          v_misc_30, v_misc_23, nicolae_vaults_yaktaur_gun_rack,
          nicolae_vaults_rhombus_5, ontoclasm_vaults_loading_screen,
          vaults_standard_mumra_x, nicolae_vaults_three_branches,
          vaults_dpeg_diagonal, serial_shops, nicolae_shop_behind_doors
Depths:1: hell_entry, abyss_entry, minmay_strange_pillars, minmay_the_grid_3x2,
          uniq_jorgrun

Skill      XL: |  1  2  3  4  5  6  7  8  9 10 11 12 13 14 15 16 17 18 19 |
---------------+----------------------------------------------------------+-----
Fighting       | 3 4 8 10 12 | 12.0
Short Blades   | 3 4 5 6 8 9 10 11 12 13 | 13.6
Dodging        | 2 3 5 6 8 9 11 13 14 | 14.3
Armour         | 3 4 5 6 7 8 10 11 13 14 | 14.7
Invocations    | 3 4 5 6 8 10 11 12 13 | 13.2
Shields        | 5 12 13 14 15 | 15.0
Slings         | 13 15 16 | 16.2

Action                   |  1- 3 |  4- 6 |  7- 9 | 10-12 | 13-15 | 16-18 | 19-21 || total
-------------------------+-------+-------+-------+-------+-------+-------+-------++-------
Melee: Short sword       |    90 |   287 |   450 |   446 |       |       |       ||  1273
       Dagger            |       |       |   105 |  1136 |    32 |       |       ||  1273
       Quick blade       |       |       |       |       |  2094 |  2052 |   389 ||  4535
 Fire: Hunting sling     |       |       |       |       |       |   153 |    20 ||   173
Throw: Stone             |     4 |       |       |       |       |       |       ||     4
Invok: Depart the Abyss  |     1 |       |       |       |       |       |     1 ||     2
       Banish            |       |       |     8 |    18 |     1 |     4 |       ||    31
       Corrupt           |       |       |       |     2 |       |     2 |     1 ||     5
       Brand Weapon With |       |       |       |       |     1 |       |       ||     1
       Bend Space        |       |       |       |       |       |     1 |       ||     1
       Enter the Abyss   |       |       |       |       |       |       |     1 ||     1
Evoke: Wand              |       |       |       |     6 |     4 |     3 |     1 ||    14
       Phial of floods   |       |       |       |     1 |     1 |       |       ||     2
  Use: Potion            |       |     1 |     1 |     2 |     4 |     6 |     2 ||    16
       Scroll            |       |     8 |     6 |     7 |    20 |    14 |     6 ||    61
 Stab: Distracted        |       |       |       |     1 |       |       |       ||     1
       Petrified         |       |       |       |       |     2 |       |       ||     2
  Eat: Chunk             |       |     8 |    15 |    35 |    32 |    22 |     3 ||   115
       Beef jerky        |       |       |       |     1 |     4 |     4 |       ||     9
       Fruit             |       |       |       |     2 |    10 |       |     2 ||    14
       Pizza             |       |       |       |     2 |     1 |     2 |       ||     5
       Royal jelly       |       |       |       |       |       |     4 |       ||     4
       Bread ration      |       |       |       |       |       |       |     1 ||     1
Armor: Leather armour    |    17 |       |       |       |       |       |       ||    17
       Scale mail        |     4 |   119 |   141 |   164 |    34 |       |       ||   462
       Skin              |       |     9 |       |       |       |       |       ||     9
       Plate armour      |       |       |       |       |   165 |       |       ||   165
       Chain mail        |       |       |       |       |    31 |   195 |       ||   226
       Swamp dragon scal |       |       |       |       |       |    46 |    41 ||    87
       Fire dragon scale |       |       |       |       |       |       |     8 ||     8
Dodge: Dodged            |    79 |   180 |   248 |   532 |   493 |   966 |   215 ||  2713
Block: Buckler           |       |       |       |   201 |   126 |       |       ||   327
       Shield            |       |       |       |       |   228 |  1054 |   155 ||  1437
